 Dungeon Crawl Stone Soup version 0.19-a0-1855-gb7442ac (webtiles) character file.

357 graki42 the Chopper (level 6, 0/56 HPs)
             Began as a Hill Orc Berserker on Oct 11, 2016.
             Was a Priest of Trog.
             Slain by an orc wizard
             ... wielding a +0 dagger
              (2 damage)
             ... on level 4 of the Dungeon.
             The game lasted 00:06:18 (3291 turns).

graki42 the Chopper (Hill Orc Berserker)            Turns: 3291, Time: 00:06:20

Health: 0/56       AC:  8    Str: 21    XL:     6   Next: 64%
Magic:  6/6        EV: 11    Int:  8    God:    Trog [***...]
Gold:   109        SH:  0    Dex: 10    Spells: 0 memorised, 5 levels left

rFire  . . .     SeeInvis .     a - +0 hand axe
rCold  . . .     Gourm    .     b - +0 scale mail
rNeg   . . .     Faith    .     (no shield)
rPois  .         Spirit   .     (no helmet)
rElec  .         Dismiss  .     h - +0 cloak (curse)
rCorr  .         Reflect  .     (no gloves)
MR     .....     Harm     .     (no boots)
Stlth  ..........               (no amulet)
                                (no ring)
                                (no ring)

@: exhausted, slowed, very slow
A: no striking features
a: Berserk, Trog's Hand, Burn Spellbooks, Renounce Religion


You were on level 4 of the Dungeon.
You worshipped Trog.
Trog was most pleased with you.
You were near starving.

You visited 1 branch of the dungeon, and saw 4 of its levels.

You collected 109 gold pieces.

Inventory:

Hand Weapons
 a - a +0 hand axe (weapon)
Armour
 b - a +0 scale mail (worn)
 h - a cursed +0 cloak (worn)
Scrolls
 f - 3 scrolls of identify {unknown}
 g - a scroll of enchant weapon {unknown}
 j - a scroll of enchant armour {unknown}
 m - a scroll of amnesia {unknown}
Potions
 e - a potion of haste {unknown}
 k - a potion of magic {unknown}
 n - a potion of lignification {unknown}
Comestibles
 c - 2 bread rations
 d - 9 fruits
 i - a slice of pizza
 l - a beef jerky


   Skills:
 + Level 5.0 Fighting
 + Level 7.0 Axes
 + Level 3.4 Armour
 + Level 2.8 Dodging


You had 5 spell levels left.
You didn't know any spells.

Dungeon Overview and Level Annotations

Branches:
Dungeon (4/15)
 Temple: D:4-7

Altars:
Fedhas
Vehumet

Annotations:
D:4 Sigmund


Message History

The orc wizard hits you but does no damage.
The orc wizard barely misses you.
You closely miss the orc wizard.
The orc wizard is lightly wounded.
The orc wizard hits you but does no damage.
The orc wizard casts a spell.
The orc wizard blinks!
The orc wizard miscasts a cantrip.
You hit the orc wizard.
The orc wizard is moderately wounded.
The orc wizard casts a spell.
Something hits you but does no damage.
The orc wizard looks braver for a moment.
You closely miss the orc wizard.
The orc wizard is moderately wounded.
The orc wizard points at you and mumbles some strange words.
The puff of frost hits you! Something hits you!
* * * LOW HITPOINT WARNING * * *
The orc wizard hits you with a dagger.
You die...

#...#.#
###>..####
#......#
##.###.# #..#
#.# ....###.#
#.##.##..#
##.#.##.##.##
..>....oo@.#
.......o####
........#
$....o...
..........
...........
............
.............
$.............


You could see 2 orc wizards and 2 orcs.

Vanquished Creatures
  Duvessa (D:4)
  Dowan (D:4)
  A hound (D:4)
  An iguana (D:4)
  Terence (D:3)
  4 gnolls
  2 adders (D:3)
  2 worms
  A dart slug (D:1)
  A leopard gecko (D:3)
  2 orcs
  3 giant cockroaches
  8 goblins
  4 hobgoblins
  6 jackals (D:3)
  9 kobolds
  2 ball pythons (D:3)
  9 bats
  4 frilled lizards
  6 rats
68 creatures vanquished.

Notes
Turn   | Place    | Note
-------+----------+-------------------------------------------
     0 | D:1      | graki42 the Hill Orc Berserker began the quest for the Orb.
     0 | D:1      | Reached XP level 1. HP: 19/19 MP: 1/1
   325 | D:1      | Reached XP level 2. HP: 27/27 MP: 2/2
   475 | D:1      | You fall through a shaft!
  1269 | D:1      | Reached XP level 3. HP: 28/33 MP: 3/3
  1557 | D:2      | Reached ** piety under Trog
  2085 | D:3      | Noticed Terence
  2109 | D:3      | Killed Terence
  2109 | D:3      | Reached skill level 5 in Axes
  2109 | D:3      | Reached XP level 4. HP: 27/41 MP: 4/4
  2477 | D:3      | Reached XP level 5. HP: 44/47 MP: 5/5
  2673 | D:3      | Found a radiant altar of Vehumet.
  3212 | D:4      | Found a blossoming altar of Fedhas.
  3249 | D:4      | Noticed Duvessa
  3249 | D:4      | Noticed Dowan
  3259 | D:4      | Killed Dowan
  3259 | D:4      | Reached skill level 6 in Axes
  3259 | D:4      | Reached XP level 6. HP: 55/55 MP: 6/6
  3270 | D:4      | Killed Duvessa
  3270 | D:4      | Reached skill level 5 in Fighting
  3273 | D:4      | Reached skill level 7 in Axes
  3275 | D:4      | Reached *** piety under Trog
  3281 | D:4      | Noticed Sigmund
  3291 | D:4      | HP: 2/56 [something (7)]
  3291 | D:4      | Slain by an orc wizard

Vault maps used:
D:1:      dpeg_arrival_long_road, st_stairs_7, kennysheep_pointless_box
D:3:      fiery_altar_vehumet, minmay_shallow_snake_nest, uniq_terence
D:4:      overflow_temple_1_default, first_bread,
          nicolae_gozag_cash_rules_everything_around_me, uniq_duvessa,
          uniq_sigmund, uniq_menkaure

Skill      XL: |  1  2  3  4  5  6 |
---------------+-------------------+-----
Fighting       | 4 5 |  5.0
Axes           | 5 6 7 |  7.0
Dodging        | 2 |  2.8
Armour         | 3 |  3.4

Action                   |  1- 3 |  4- 6 || total
-------------------------+-------+-------++-------
Melee: Hand axe          |   161 |   142 ||   303
Invok: Berserk           |       |     2 ||     2
 Stab: Sleeping          |     2 |       ||     2
  Eat: Chunk             |     3 |     5 ||     8
Armor: Animal skin       |    31 |       ||    31
       Ring mail         |    15 |    16 ||    31
       Scale mail        |       |    55 ||    55
Dodge: Dodged            |   111 |    84 ||   195
